 Dungeon Crawl Stone Soup version 0.32-a0-18-g89e19f1974 (webtiles) character file.

Game seed: 17219898381008456440

3959 avis the Nimble (level 10, 51/51 HPs)
             Began as a Felid Summoner on Jan 16, 2024.
             Got out of the dungeon alive.
             The game lasted 01:20:49 (9260 turns).

avis the Nimble (Felid Summoner)                    Turns: 9260, Time: 01:20:50

Health: 51/51      AC:  2    Str:  4    XL:     10   Next: 2%
Magic:  29/29      EV: 24    Int: 24    God:
Gold:   422        SH:  0    Dex: 22    Spells: 6/21 levels left
                                        Lives:  1   Deaths: 3

rFire   . . .        (weapon unavailable)
rCold   . . .        (shield unavailable)
rNeg    . . .        (body armour unavailable)
rPois   .            (helmet unavailable)
rElec   .            (cloak unavailable)
rCorr   .            (gloves unavailable)
SInv    +            (boots unavailable)
Will    +....        (no amulet)
Stlth   +++          o - ring of magical power
HPRegen 0.28/turn    q - +6 ring of dexterity
MPRegen 0.21/turn

%: no passive effects
@: no status effects
A: very small, claws 1, fangs 3, see invisible, shaggy fur 2, stealthy paws, no
weapons or thrown items, no armour, multi-lived
a: no special abilities


You escaped.
You visited 2 branches of the dungeon, and saw 8 of its levels.
You also visited: Sewer.

You collected 422 gold pieces.

Inventory:

Jewellery
 o - a ring of magical power (left paw)
 q - a +6 ring of dexterity (right paw)
Wands
 d - a wand of iceblast (5)
 m - a wand of paralysis (12)
 n - a wand of flame (16)
Scrolls
 c - 2 scrolls of noise
 f - 2 scrolls of teleportation
 h - 2 scrolls of blinking
 i - a scroll of fear
 p - a scroll of silence {unknown}
Potions
 a - 2 potions of magic
 b - a potion of haste {unknown}
 e - a potion of invisibility
 g - 2 potions of heal wounds
 j - 2 potions of mutation
 k - a potion of resistance {unknown}
 l - a potion of might {unknown}


   Skills:
 + Level 5.3 Fighting
 + Level 8.0 Dodging
 - Level 2.6 Stealth
 + Level 6.4 Spellcasting
 + Level 7.4 Summonings
 - Level 5.0 Fire Magic
 * Level 4.7 Air Magic


You had 6 spell levels left.
You knew the following spells:

 Your Spells              Type           Power      Damage    Failure   Level
a - Summon Small Mammal   Summ           100%       N/A       1%          1
b - Sting                 Conj/Alch      28%        1d4       8%          1
c - Call Imp              Summ           86%        N/A       1%          2
d - Call Canine Familiar  Summ           43%        N/A       1%          3
g - Summon Blazeheart Go  Fire/Summ      37%        N/A       6%          4
l - Summon Lightning Spi  Summ/Air       37%        N/A       6%          4

Your spell library contained the following spells:

 Spells                   Type           Power      Damage    Failure   Level
 Apportation              Tloc           14%        N/A       8%          1
 Necrotise                Necr           28%        1d5       8%          1
 Jinxbite                 Hex            14%        N/A       12%         2
 Gell's Gravitas          Tloc           7%         N/A       22%         3
 Teleport Other           Tloc           7%         N/A       22%         3
 Yara's Violent Unravell  Hex/Alch       3%         3d4       91%         5
 Dispersal                Tloc           3%         N/A       100%        6
 Enfeeble                 Hex            3%         N/A       100%        7


Dungeon Overview and Level Annotations

Branches:
Dungeon (7/15)             Temple (1/1) D:7           Sewer (visited)

Altars:
Ashenzari
Cheibriados
Dithmenos
Elyvilon
Fedhas
Gozag
Hepliaklqana
Kikubaaqudgha
Makhleb
Nemelex Xobeh
Okawaru
Qazlal
Ru
Sif Muna
Trog
Uskayaw
Vehumet
Wu Jian
Xom
Yredelemnul
Zin
The Shining One

Annotations:
D:6 1 runed translucent door, cforsyth's ghost, novice OnSh
D:7 Maggie


Innate Abilities, Weirdness & Mutations

You have sharp claws.
You have razor-sharp teeth.
You have supernaturally acute eyesight. (SInv)
You are covered in thick fur. (AC +2)
Your paws help you pounce on unaware monsters.
You are incapable of wielding weapons or throwing items.
You cannot wear armour.
You gain extra lives every three experience levels.


Message History

You climb downwards.
Welcome to the Ecumenical Temple!
Your summoned ally is left behind.
Found six altars.
Found a staircase back to the Dungeon.
There is a staircase back to the Dungeon here.
Found a bloodstained altar of Trog.
Found an opulent altar of Gozag.
Found a white marble altar of Elyvilon.
There is an opulent altar of Gozag here.
There is a staircase back to the Dungeon here.
You climb upwards.
Welcome back to the Dungeon!
Level annotation: Maggie
There is a staircase to the Ecumenical Temple here.
Found a scroll of identify.
r - a scroll of identify
As you read the scroll of identify, it crumbles to dust.
g - 2 potions of heal wounds
There is a stone staircase leading up, spattered with blood here.
You climb upwards.
Level annotation: 1 runed translucent door, cforsyth's ghost, novice OnSh
There is a stone staircase leading down here.
Okay, then.
What level of the Dungeon? (default 1, ? - help)
There is a stone staircase leading up here.
You climb upwards.
There is a stone staircase leading down here.
There is a stone staircase leading up, spattered with blood here.
You climb upwards.
There is a stone staircase leading down here.
There is a stone staircase leading up here.
You climb upwards.
There is a stone staircase leading down here.
There is a stone staircase leading up here.
You climb upwards.
There is a stone staircase leading down here.
There is a stone staircase leading up here.
You climb upwards.
There is a stone staircase leading down here.
There is an open door here.
There is a staircase leading out of the dungeon here.
You have escaped!

.#########.######
.# ####.# .#
#....## .#
#.##..# .#
#.###'###### .#
#.#PP.♣P♣♣P# ##
#.+.....♣P~#
###♣P~.....#
#≈♣♣P♣~.@# ##
#######


There were no monsters in sight!

Vanquished Creatures
  The ghost of TheScarfBastard the Cudgeller, a novice MiBe of Trog (D:5)
  Joseph (D:7)
  Duvessa (D:4)
  A jelly (D:6)
  An orc wizard (D:6)
  A sleepcap (D:6)
  4 gnolls
  2 adders
  A shadow imp (D:5)
  2 orcs
  A giant cockroach (D:1)
  2 goblins
  A hobgoblin (D:1)
  A ball python (Sewer)
  2 bats
  A frilled lizard (Sewer)
  A kobold (D:1)
24 creatures vanquished.

Vanquished Creatures (collateral kills)
  Grinder (D:4)
  A nameless horror (D:7)
  An orc warrior (D:7)
  3 black bears
  2 ice beasts
  2 centaurs
  3 phantoms
  5 kobold brigands
  2 brain worms (Sewer)
  2 bullfrogs (D:6)
  A gnoll sergeant (D:5)
  3 scorpions
  Dowan (D:4)
  3 wights (D:7)
  A howler monkey (D:5)
  3 quasits
  A jelly (D:6)
  2 bombardier beetles
  A gnoll bouda (D:6)
  2 orc priests
  A hound (D:4)
  Ijyb (D:5)
  2 iguanas (D:6)
  A sleepcap (D:6)
  Natasha (thrice) (D:4)
  5 orc wizards
  8 gnolls
  6 adders
  4 river rats (Sewer)
  2 white imps
  A dart slug (D:3)
  5 ribbon worms
  13 orcs
  4 endoplasms
  6 giant cockroaches
  5 goblins
  5 hobgoblins
  6 jackals
  6 quokkas
  8 ball pythons
  5 frilled lizards
  13 kobolds
  8 rats
158 creatures vanquished.

Vanquished Creatures (others)
  9 blazeheart cores
9 creatures vanquished.

Grand Total: 191 creatures vanquished

Notes
Turn   | Place    | Note
-------+----------+-------------------------------------------
     0 | D:1      | avis the Felid Summoner began the quest for the Orb.
     0 | D:1      | Reached XP level 1. HP: 9/9 MP: 4/4
   345 | D:1      | Reached XP level 2. HP: 13/13 MP: 6/6
   348 | D:1      | Learned a level 2 spell: Call Imp
  1057 | D:1      | Reached XP level 3. HP: 16/16 MP: 1/8
  1061 | D:1      | Learned a level 3 spell: Call Canine Familiar
  1607 | D:2      | Reached XP level 4. HP: 21/21 MP: 4/10
  1607 | D:2      | Gained a life (2 lives remaining)
  1687 | D:2      | Learned a level 4 spell: Summon Blazeheart Golem
  2562 | D:3      | Reached XP level 5. HP: 24/24 MP: 7/11
  2828 | D:3      | Reached skill level 3 in Dodging
  2872 | D:3      | Reached skill level 1 in Fire Magic
  3256 | D:4      | Noticed Natasha
  3311 | D:4      | Found a glowing drain.
  3399 | Sewer    | Entered a sewer
  3428 | Sewer    | Reached skill level 5 in Summonings
  3491 | Sewer    | Reached skill level 1 in Fighting
  3491 | Sewer    | Gained mutation: You are covered in thick fur. (AC +2)
                  | [Felid growth]
  3491 | Sewer    | Reached XP level 6. HP: 30/30 MP: 13/13
  3911 | Sewer    | Reached skill level 4 in Dodging
  3911 | Sewer    | Reached XP level 7. HP: 16/34 MP: 1/14
  4653 | D:4      | Killed Natasha
  4834 | D:4      | Noticed Natasha
  4842 | D:4      | Killed Natasha
  4852 | D:4      | Noticed Grinder
  4870 | D:4      | Killed Grinder
  4956 | D:4      | Noticed Natasha
  4963 | D:4      | Noticed Duvessa
  4966 | D:4      | Killed Natasha
  4981 | D:4      | Noticed Dowan
  5009 | D:4      | Slain by Duvessa
  5009 | D:4      | Lost a life (1 life remaining)
  5026 | D:4      | Killed Dowan
  5027 | D:4      | Reached XP level 8. HP: 32/39 MP: 13/16
  5027 | D:4      | Gained a life (2 lives remaining)
  5053 | D:4      | Killed Duvessa
  5054 | D:4      | Reached skill level 5 in Dodging
  5054 | D:4      | Reached skill level 5 in Spellcasting
  5345 | D:5      | Entered Level 5 of the Dungeon
  5720 | D:5      | Reached skill level 6 in Dodging
  5720 | D:5      | Reached skill level 5 in Fire Magic
  5834 | D:5      | Learned a level 4 spell: Summon Lightning Spire
  6025 | D:5      | Reached skill level 1 in Air Magic
  6093 | D:5      | Noticed Ijyb
  6103 | D:5      | Killed Ijyb
  6139 | D:5      | Slain by a gnoll sergeant
  6139 | D:5      | Lost a life (1 life remaining)
  6202 | D:5      | Learned a level 1 spell: Sting
  6236 | D:5      | Found an ornate altar of the Wu Jian Council.
  6410 | D:5      | Found a transporter.
  6410 | D:5      | Noticed TheScarfBastard's ghost (novice MiBe)
  6434 | D:5      | Found a transporter.
  6737 | D:5      | Reached XP level 9. HP: 45/45 MP: 12/18
  7346 | D:6      | Reached skill level 7 in Dodging
  7808 | D:6      | Found a runed translucent door.
  7808 | D:6      | Noticed cforsyth's ghost (novice OnSh)
  8270 | D:5      | Killed TheScarfBastard's ghost
  8271 | D:5      | Reached skill level 5 in Fighting
  8670 | D:7      | Noticed Joseph
  8686 | D:7      | Killed Joseph
  8687 | D:7      | Found a shimmering blue altar of Sif Muna.
  8831 | D:7      | Noticed Maggie
  8838 | D:7      | Killed from afar by Maggie
  8838 | D:7      | Lost a life (0 lives remaining)
  9025 | D:7      | Reached skill level 8 in Dodging
  9025 | D:7      | Reached XP level 10. HP: 47/51 MP: 20/20
  9025 | D:7      | Gained a life (1 life remaining)
  9041 | D:7      | Found a staircase to the Ecumenical Temple.
  9071 | Temple   | Entered the Ecumenical Temple
  9260 | D:$      | Got out of the dungeon alive.

Illustrated notes

Levels and vault maps discovered:
D:1:      tarquinn_simple_flora_water_f, layout_basic,
          dreamdust_mushroom_princess, minivault_25
D:2:      layout_basic, minmay_box_of_dots
D:3:      layout_basic
D:4:      layout_basic, gup_sewer_entry_pipe, uniq_natasha, uniq_duvessa,
          uniq_grinder
D:5:      layout_loops_ring, nzn_wu_jian_council_hall,
          gammafunk_ghost_stat_death, lightli_minifort, uniq_ijyb
D:6:      layout_cave_pods, gammafunk_ghost_grave, hellmonk_no_cap
D:7:      layout_layer_cave, mainiacjoe_overflow_paths,
          minmay_temple_entry_gardened_gates, kennysheep_generic_room_9,
          uniq_joseph, uniq_maggie
Temple:   nicolae_temple_bog_church

Skill      XL: |  1  2  3  4  5  6  7  8  9 |
---------------+----------------------------+-----
Spellcasting   | 3 4 5 6 |  6.4
Dodging        | 3 4 6 8 |  8.0
Fire Magic     | 1 2 4 5 |  5.0
Summonings     | 5 6 7 |  7.4
Fighting       | 1 2 4 5 |  5.3
Air Magic      | 1 4 |  4.7
Stealth        | |  2.6

Action                     |  1- 3 |  4- 6 |  7- 9 | 10-12 || total
---------------------------+-------+-------+-------+-------++-------
  Melee: Unarmed           |    21 |    20 |    50 |       ||    91
         Bite              |     3 |     4 |     9 |       ||    16
         Punch             |       |     1 |     1 |       ||     2
   Cast: Summon Small Mamm |    38 |     9 |    32 |       ||    79
         Call Imp          |     6 |    13 |    34 |       ||    53
         Call Canine Famil |     2 |    20 |    49 |       ||    71
         Summon Blazeheart |       |       |    20 |       ||    20
         Summon Lightning  |       |       |     8 |     1 ||     9
  Evoke: Wand              |       |       |     2 |       ||     2
    Use: Scroll            |       |       |     9 |     1 ||    10
   Stab: Distracted        |     1 |       |     1 |       ||     2
         Sleeping          |       |     1 |     3 |       ||     4
 Armour: Skin              |     8 |     3 |    83 |       ||    94
  Dodge: Dodged            |    23 |    15 |   199 |       ||   237

Table legend: (Time is in decaauts)
 A = Elapsed time spent in this place.
 B = Non-inter-level travel time spent in this place.
 C = Inter-level travel time spent in this place.
 D = Time resting spent in this place.
 E = Time spent auto-exploring this place.
 F = Levels seen in this place.
 G = Mean time per level.
                   A        B        C        D        E       F      G
               +--------+--------+--------+--------+--------+-----+--------+
         Total |   9423 |   8825 |    598 |   2252 |   3392 |   9 | 1047.0 |
       Dungeon |   8064 |   7475 |    589 |   1861 |   3392 |   7 | 1152.0 |
        Temple |     19 |     10 |      9 |      0 |      0 |   1 |   19.0 |
         Sewer |   1339 |   1339 |      0 |    391 |      0 |   1 | 1339.0 |
               +--------+--------+--------+--------+--------+-----+--------+

Top non-repeatable levels by time:
     D:5: 1722 daAuts
     D:4: 1484 daAuts
     D:1: 1392 daAuts
   Sewer: 1339 daAuts
     D:6: 1230 daAuts
     D:3: 1042 daAuts
     D:2: 879 daAuts
     D:7: 313 daAuts
  Temple: 19 daAuts
